 Dungeon Crawl Stone Soup version 0.22.1-5-g62c59d919a (webtiles) character file.

491 Jynx the Cudgeler (level 7, 0/44 HPs)
             Began as a Gargoyle Fighter on Jan 12, 2019.
             Slain by an orc warrior
             ... wielding a +0 short sword
              (12 damage)
             ... on level 4 of the Dungeon.
             The game lasted 00:06:29 (4237 turns).

Jynx the Cudgeler (Gargoyle Fighter)                Turns: 4237, Time: 00:06:29

Health: 0/44       AC: 16    Str: 20    XL:     7   Next: 14%
Magic:  7/7        EV:  4    Int:  9    God:
Gold:   166        SH:  9    Dex: 10    Spells: 6/6 levels left

rFire    . . .     SeeInvis .   a - +1 flail
rCold    . . .     Gourm    .   c - +0 shield
rNeg     + + +     Faith    .   r - +0 plate armour {rN+}
rPois    ∞         Spirit   .   (no helmet)
rElec    +         Reflect  .   (no cloak)
rCorr    .         Harm     .   (no gloves)
MR       .....                  (no boots)
Stlth    ..........             (no amulet)
HPRegen  0.14/turn              n - ring of positive energy
MPRegen  0.10/turn              (no ring)

@: no status effects
A: negative energy resistance 1, electricity resistance, unbreathing,
petrification resistance, rot immunity, AC +4
a: no special abilities


You were on level 4 of the Dungeon.
You were not hungry.

You visited 1 branch of the dungeon, and saw 5 of its levels.

You collected 166 gold pieces.

Inventory:

Hand Weapons
 a - a +1 flail (weapon)
Armour
 c - a +0 shield (worn)
 o - a +1 scale mail of cold resistance
 r - a +0 plate armour of positive energy (worn)
Jewellery
 n - a ring of positive energy (left hand)
Wands
 m - a wand of clouds (5)
Scrolls
 b - a scroll of amnesia
 d - a scroll of teleportation
 e - 2 scrolls of remove curse
 g - a scroll of enchant armour {unknown}
 h - a scroll of immolation
 i - a scroll of magic mapping
 j - 5 scrolls of identify
Potions
 k - a potion of resistance
 l - 3 potions of curing
 q - 2 potions of flight
Comestibles
 f - 5 rations


   Skills:
 + Level 4.8 Fighting
 * Level 5.0 Maces & Flails
 + Level 4.8 Armour
 + Level 4.7 Shields


You had 6 spell levels left.
You didn't know any spells.
Your spell library was empty.

Dungeon Overview and Level Annotations

Branches:
Dungeon (5/15)
 Temple: D:4-7

Altars:
Ashenzari
Ru


Innate Abilities, Weirdness & Mutations

You are resistant to torment.
Your stone body is resilient. (AC +4)
You are immune to poison.
You resist negative energy. (rN+)
You are resistant to electric shocks. (rElec)
You can survive without breathing.
You are immune to petrification.
You are immune to rotting.


Message History

The worker ant zombie bites you but does no damage.
You block the orc warrior's attack.
Your shield and plate armour prevent you from hitting the orc warrior.
You block the frilled lizard's attack.
The worker ant zombie bites you but does no damage.
The orc warrior hits you with a short sword!
You block the frilled lizard's attack.
An orc wizard comes into view. It is wielding a dagger.
A jelly comes into view.
There is a stone staircase leading up here.
The orc warrior hits you with a short sword!
* * * LOW HITPOINT WARNING * * *
You block the worker ant zombie's attack.
You climb upwards.
There is a stone staircase leading down here.
You hit the orc warrior but do no damage.
You block the orc warrior's attack.
Your shield and plate armour prevent you from hitting the orc warrior.
The orc warrior hits you with a short sword!
You die...

#.......#........#
#.......#........#
#.......#........#
#.......#.......##
#.......#.......##
#.......#.......##
#.......#.....<.#.
#o..>...#.......#.
#@......#.......#.
#.......#.......#.
#.......#.......##
#.......#.......##
#.......#.......##
#.......'.......).
#.......#.........
#.......#.........
#.......#.........


You could see an orc warrior.

Vanquished Creatures
  2 ogres
  A howler monkey (D:4)
  2 orc priests (D:3)
  3 worker ants (D:4)
  A hound skeleton (D:4)
  3 adders
  2 oozes (D:2)
  2 worms
  4 dart slugs (D:2)
  2 leopard geckos
  10 orcs
  4 bats
  6 giant cockroaches
  5 goblins
  9 hobgoblins
  12 jackals
  A quokka (D:2)
  A ball python (D:1)
  5 frilled lizards
  9 kobolds
  7 rats
91 creatures vanquished.

Notes
Turn   | Place    | Note
-------+----------+-------------------------------------------
     0 | D:1      | Jynx the Gargoyle Fighter began the quest for the Orb.
     0 | D:1      | Reached XP level 1. HP: 14/14 MP: 1/1
   139 | D:1      | Reached XP level 2. HP: 19/19 MP: 2/2
   980 | D:2      | Reached XP level 3. HP: 23/23 MP: 3/3
  1048 | D:2      | Found a faded altar of an unknown god.
  1574 | D:2      | Reached skill level 3 in Maces & Flails
  1691 | D:2      | Reached XP level 4. HP: 24/29 MP: 4/4
  2214 | D:3      | Noticed an ogre
  2509 | D:2      | Killed an ogre
  2509 | D:2      | Reached XP level 5. HP: 20/33 MP: 5/5
  2950 | D:3      | Reached skill level 4 in Maces & Flails
  3023 | D:3      | Reached XP level 6. HP: 9/39 MP: 6/6
  3747 | D:4      | Found a sacrificial altar of Ru.
  3884 | D:4      | Found a shattered altar of Ashenzari.
  3990 | D:4      | Reached XP level 7. HP: 44/44 MP: 7/7
  4201 | D:5      | Entered Level 5 of the Dungeon
  4217 | D:4      | Reached skill level 5 in Maces & Flails
  4237 | D:4      | Slain by an orc warrior

Skill      XL: |  1  2  3  4  5  6  7 |
---------------+----------------------+-----
Maces & Flails | 3 4 5 |  5.0
Fighting       | 4 |  4.8
Armour         | 4 |  4.8
Shields        | 4 |  4.7

Action                   |  1- 3 |  4- 6 |  7- 9 || total
-------------------------+-------+-------+-------++-------
Melee: Flail             |   138 |   203 |    21 ||   362
  Use: Scroll            |     5 |     8 |       ||    13
       Potion            |       |     2 |       ||     2
  Eat: Chunk             |     3 |     7 |     1 ||    11
Armor: Scale mail        |    66 |   159 |     2 ||   227
       Plate armour      |       |       |    25 ||    25
Dodge: Dodged            |    34 |    80 |     6 ||   120
Block: Shield            |    59 |   167 |    17 ||   243
